 Dungeon Crawl Stone Soup version 0.30-a0-711-gf4ac18a38d (webtiles) character file.

Game seed: 648731843122165892

100129 wormed the Fighter (level 15, -6/132 HPs)
             Began as a Demonspawn Fire Elementalist on Jan 22, 2023.
             Was a High Priest of Vehumet.
             Mangled by a deep troll (9 damage)
             ... on level 2 of the Orcish Mines.
             The game lasted 01:04:07 (26965 turns).

wormed the Fighter (Demonspawn Fire Elementalist)  Turns: 26965, Time: 01:04:07

Health: -6/132     AC: 13    Str: 11    XL:     15   Next: 79%
Magic:  15/30      EV: 17    Int: 37    God:    Vehumet [*****.]
Gold:   3606       SH:  0    Dex: 13    Spells: 10/36 levels left

rFire   . . .      SeeInvis .    p - +2 dagger (venom)
rCold   . . .      Faith    .    (no shield)
rNeg    . . .      Spirit   .    h - +2 robe {Archmagi}
rPois   .          Reflect  .    (helmet restricted)
rElec   .          Harm     .    I - +2 cloak
rCorr   .          Rampage  .    c - +2 pair of gloves {Str+3}
Will    +....      Archmagi +    X - +0 pair of boots
Stlth   +++++                    C - amulet of magic regeneration
HPRegen 0.42/turn                y - +6 ring of intelligence
MPRegen 0.62/turn                B - +6 ring of intelligence

@: about to teleport
A: horns 1, rugged brown scales 2, icemail 1, spiny 3, condensation shield
a: Renounce Religion


You were on level 2 of the Orcish Mines.
You worshipped Vehumet.
Vehumet was extremely pleased with you.
You visited 4 branches of the dungeon, and saw 22 of its levels.
You also visited: Sewer, Ossuary and Gauntlet.

You collected 3606 gold pieces.

Inventory:

Hand Weapons
 p - a +2 dagger of venom (weapon)
 O - the +5 rapier of Foul Odours {pain, rCorr}
   (You found it on level 9 of the Dungeon)

   rCorr:     It protects you from acid and corrosion.
Missiles
 e - 2 throwing nets (quivered)
Armour
 c - a +2 pair of gloves of strength (worn)
 h - a +2 robe of the Archmagi (worn)
 I - a +2 cloak (worn)
 X - a +0 pair of boots (worn)
Jewellery
 f - a ring of wizardry
 t - a ring of protection from fire
 y - a +6 ring of intelligence (left hand)
 B - a +6 ring of intelligence (right hand)
 C - an amulet of magic regeneration (around neck)
 D - a ring of see invisible
 F - a ring of positive energy
 N - the ring "Wuvevuso" {rElec rN+ Str-5 Int+4}
   (You found it on level 9 of the Dungeon)

   [ring of positive energy]

   Str:       It affects your strength (-5).
   Int:       It affects your intelligence (+4).
   rElec:     It insulates you from electricity.
   rN:        It protects you from negative energy.
 P - a ring of protection from cold
 V - the ring of Defesino {rC- Will+++ rCorr EV+5 SInv}
   (You found it in a Gauntlet)

   [ring of evasion]

   EV:        It affects your evasion (+5).
   rC:        It makes you vulnerable to cold.
   SInv:      It lets you see invisible.
   rCorr:     It protects you from acid and corrosion.
   Will:      It greatly increases your willpower.
Wands
 n - a wand of paralysis (9)
 r - a wand of mindburst (5)
 G - a wand of acid (21)
 L - a wand of roots (20)
 Q - a wand of flame (20)
 Z - a wand of digging (14)
Scrolls
 o - 4 scrolls of enchant armour
 s - 5 scrolls of enchant weapon
 w - 6 scrolls of fear
 A - 2 scrolls of magic mapping
 E - 5 scrolls of fog
 J - 2 scrolls of poison
 K - 9 scrolls of identify
 R - 4 scrolls of teleportation
 S - 2 scrolls of butterflies
 Y - a scroll of torment
Potions
 a - 3 potions of heal wounds
 b - 5 potions of magic
 g - 2 potions of lignification
 i - 4 potions of ambrosia
 k - a potion of flight
 l - 2 potions of berserk rage
 m - 5 potions of invisibility
 v - 11 potions of curing
 x - 2 potions of might
 z - 3 potions of attraction
 H - 3 potions of mutation
 T - a potion of cancellation


   Skills:
 - Level 14.0 Fighting
 + Level 11.1 Dodging
 + Level 11.1 Stealth
 + Level 11.1 Spellcasting
 * Level 11.3 Conjurations
 + Level 11.1 Fire Magic
 + Level 1.4 Air Magic


You had 10 spell levels left.
You knew the following spells:

 Your Spells              Type           Power      Damage    Failure   Level
a - Iskenderun's Battles  Conj           100%       2d15      1%          5
b - Searing Ray           Conj           100%       2d8       1%          2
c - Fulminant Prism       Conj/Hex       38%        3d17      1%          4
d - Fireball              Conj/Fire      51%        3d20      1%          5
i - Irradiate             Conj/Tmut      38%        3d24      1%          5
k - Blink                 Tloc           60%        N/A       3%          2
z - Stone Arrow           Conj/Erth      100%       3d13      1%          3

Your spell library contained the following spells:

 Spells                   Type           Power      Damage    Failure   Level
 Conjure Ball Lightning   Conj/Air       40%        3x3d13    6%          6
 Foxfire                  Conj/Fire      100%       2x1d9     0%          1
 Magic Dart               Conj           100%       1d8       0%          1
 Necrotise                Necr           100%       1d9       1%          1
 Sting                    Tmut/Pois      100%       1d8       1%          1
 Momentum Strike          Conj/Tloc      100%       3d10      1%          2
 Poisonous Vapours        Pois/Air       78%        N/A       1%          2
 Scorch                   Fire           100%       2d10      1%          2
 Frozen Ramparts          Ice            60%        1d10      1%          3
 Hailstorm                Conj/Ice       76%        3d16      1%          3
 Inner Flame              Hex/Fire       75%        N/A       1%          3
 Kindle Blastsparks       Fire/Tloc/Air  100%       2d18      1%          3
 Mephitic Cloud           Conj/Pois/Air  68%        N/A       1%          3
 Flame Wave               Conj/Fire      100%       2d21      1%          4
 Sticky Flame             Conj/Fire      100%       2d11      1%          4
 Starburst                Conj/Fire      51%        6d14      1%          6
 Freezing Cloud           Conj/Ice/Air   34%        6-21      2%          5
 Call Imp                 Summ           30%        N/A       3%          2
 Lesser Beckoning         Tloc           60%        N/A       3%          2
 Olgreb's Toxic Radiance  Pois           30%        N/A       5%          4
 Gell's Gravitas          Tloc           30%        N/A       6%          3
 Portal Projectile        Hex/Tloc       60%        N/A       6%          3
 Teleport Other           Tloc           30%        N/A       6%          3
 Tukima's Dance           Hex            30%        N/A       6%          3
 Vampiric Draining        Necr           30%        2d8       6%          3
 Cause Fear               Hex            15%        N/A       19%         4
 Ice Form                 Ice/Tmut       30%        N/A       19%         4
 Passage of Golubria      Tloc           30%        N/A       19%         4
 Summon Ice Beast         Ice/Summ       30%        N/A       19%         4
 Silence                  Hex/Air        19%        N/A       36%         5
 Agony                    Necr           30%        N/A       47%         5
 Blade Hands              Tmut           15%        N/A       47%         5
 Dispersal                Tloc           15%        N/A       96%         6
 Simulacrum               Ice/Necr       15%        N/A       96%         6
 Dragon Form              Tmut           15%        N/A       100%        7
 Dragon's Call            Summ           15%        N/A       100%        9
 Polar Vortex             Ice            15%        N/A       100%        9


Dungeon Overview and Level Annotations

Branches:
Dungeon (14/15)            Temple (1/1) D:4            Lair (5/5) D:9
  Swamp (0/4) Lair:3       Spider (0/4) Lair:3        Slime (0/5) Lair:5
    Orc (2/2) D:12            Elf (0/3) Orc:2        Vaults (0/5) D:14
  Sewer (visited)         Ossuary (visited)         Gauntlet (visited)

Altars:
Ashenzari
Cheibriados
Dithmenos
Gozag
Kikubaaqudgha
Makhleb
Okawaru
Qazlal
Sif Muna
Trog
Uskayaw
Vehumet
Wu Jian
Yredelemnul
Jiyva

Shops:
D:1 ?   D:3 =   D:9 *

Portals:
Abyss: Lair:3

Annotations:
Lair:3 2 transporters, yumyumyeen's ghost, journeyman GnWn


Innate Abilities, Weirdness & Mutations

You have a pair of small horns on your head.
You are mostly covered in rugged brown scales. (AC +2, +5% HP)
A meltable icy envelope protects you from harm. (AC +0)
You are completely covered in sharp spines.
A meltable shield of frost defends you. (SH +0)


Message History

You feel a surge of power!
The searing ray misses the troll. (Press . to maintain the ray.)
Your battlesphere fires!
The barrage of energy hits the deep troll!
The deep troll is moderately wounded.
Your battlesphere expends the last of its energy and dissipates.
An ogre comes into view. It is wielding a +0 giant club. x2
The troll misses you. x2; The troll completely misses you.
The searing ray hits the troll!
The troll is almost dead.
The troll bites you but does no damage. The troll misses you.
The troll claws you but does no damage.
The searing ray hits the troll!
You kill the troll!
Vehumet accepts your kill.
You feel your power returning.
The troll leather armour is intact enough to wear.
The deep troll bites you!
The deep troll claws you but does no damage.
The deep troll barely misses you.
A cyclops comes into view.
As you read the scroll of teleportation, it crumbles to dust.
You feel strangely unstable. The deep troll misses you.
The deep troll completely misses you.
The deep troll claws you but does no damage.
The deep troll attacks as you move away!
The deep troll bites you! The deep troll closely misses you. x2
The ogre mage attacks as you move away! The ogre mage is struck by your spines.
The ogre mage hits you with a +0 flail!
* * * LOW HITPOINT WARNING * * *
The ogre mage attacks as you move away! The ogre mage hits you with a +0 flail!
* * * LOW HITPOINT WARNING * * *
Things that are here:
a +0 giant club; an ogre corpse The deep troll attacks as you move away!
The deep troll is struck by your spines.
The deep troll bites you!!
* * * LOW HITPOINT WARNING * * *
The deep troll barely misses you. The deep troll claws you!
You die...

#........#..... ....#
#.###.##...........
.....###..####...........#
..C...#...######...<..)...
#....##..#.# #.........##
#...)..)#.# ###........#
#..O.([$..# #..........#
#..O.)))).####......<...
#...).T@).).#.))........
#....[O###.).).....##....
#.....## #.....)...###...
....... #.......)## ...
.......##.#.........#.....
###.......................
................$........
##......................
.........#..........


You could see an ogre mage, a deep troll, a cyclops and 2 ogres.

Vanquished Creatures
  Rupert (D:12)
  Frances (D:13)
  A minotaur (Gauntlet)
  A fire dragon (Lair:5)
  A yaktaur captain (D:10)
  An ettin (D:10)
  5 hydras
  Erolcha (D:11)
  Harold (Orc:1)
  2 vault guards (D:14)
  A hell beast (Gauntlet)
  An ogre mage (Orc:2)
  11 two-headed ogres
  7 centaur warriors
  2 boulder beetles
  5 death yaks
  A tengu warrior (Gauntlet)
  An orc high priest (Orc:1)
  3 soul eaters (D:9)
  Nergalle (D:12)
  A sun demon (D:10)
  Lodul (D:11)
  A deep troll (Orc:1)
  4 lindwurms (D:9)
  A swamp dragon (Lair:5)
  A bog body (Lair:3)
  Pikel (D:6)
  2 deep elf pyromancers (D:13)
  2 orc knights
  3 ugly things
  A faun (Lair:2)
  2 orc sorcerers (Orc:1)
  6 cyclopes
  A wolf spider (Lair:5)
  A manticore (D:14)
  A moth of wrath (Lair:5)
  Maurice (D:12)
  A guardian serpent (Lair:5)
  15 elephants
  9 black mambas
  A torpor snail (Lair:5)
  A rust devil (D:9)
  2 demonic crawlers (Lair:5)
  2 gargoyles
  16 cane toads
  A minotaur zombie (Gauntlet)
  An unseen horror (D:12)
  Psyche (D:11)
  An efreet (D:13)
  An unseen horror (shapeshifter) (D:13)
  A rime drake (Lair:5)
  8 komodo dragons
  2 freezing wraiths
  2 ice devils
  3 tengu conjurers
  13 trolls
  A red devil (D:9)
  2 hornets (Lair:5)
  15 blink frogs
  2 dream sheep (D:8)
  Sigmund (D:6)
  2 wraiths (D:12)
  11 wyverns
  4 basilisks
  7 steam dragons
  68 yaks
  7 humans (D:14)
  3 fire bats (Lair:4)
  Eustachio (D:6)
  2 redbacks (Lair:5)
  9 vampire mosquitoes
  4 wargs
  5 swamp worms
  Edmund (D:5)
  5 acid dragons
  2 hell hounds (Gauntlet)
  19 water moccasins
  2 swamp drakes
  Pargi (Sewer)
  11 orc warriors
  4 sky beasts
  2 ice beasts
  A black bear (D:4)
  33 wolves (Lair:2)
  3 centaurs
  26 ogres
  4 lemures (D:6)
  2 phantoms (D:7)
  6 bullfrogs
  7 kobold brigands
  3 necrophages
  2 gnoll sergeants (D:10)
  4 scorpions
  15 wights
  3 killer bees (D:10)
  A vampire bat (D:6)
  3 howler monkeys
  2 electric eels
  3 quasits (D:9)
  Crazy Yiuf (D:7)
  A hound (D:6)
  4 jellies
  10 orc priests
  12 iguanas
  Jessica (D:3)
  A gnoll bouda (D:6)
  Ijyb (D:5)
  22 orc wizards
  3 mummies (Ossuary)
  Robin (D:4)
  24 gnolls
  14 adders
  2 white imps (Gauntlet)
  2 ufetubi
  3 adder zombies (Ossuary)
  A worm (D:2)
  3 dart slugs
  60 orcs
  11 ball pythons
  8 bats
  2 bat skeletons (D:6)
  2 bat zombies (D:6)
  5 endoplasms
  3 giant cockroaches
  13 goblins
  8 hobgoblins
  7 jackals
  2 quokkas
  7 frilled lizards
  5 goblin zombies (Ossuary)
  A hobgoblin zombie (Ossuary)
  28 kobolds
  5 kobold zombies (Ossuary)
  An orc zombie (Ossuary)
  8 rats
  3 rat zombies (Ossuary)
753 creatures vanquished.

Vanquished Creatures (others)
  2 humans (D:14)
  A sky beast (D:7)
  A demonic plant (D:9)
  311 foxfires
  7 fulminant prisms
  16 fungi
  119 plants
457 creatures vanquished.

Grand Total: 1210 creatures vanquished

Notes
Turn   | Place    | Note
-------+----------+-------------------------------------------
     0 | D:1      | wormed the Demonspawn Fire Elementalist began the quest for
                  | the Orb.
     0 | D:1      | Reached XP level 1. HP: 13/13 MP: 3/3
   246 | D:1      | Gained mutation: Your spells are a little easier to cast,
                  | but a little less powerful. [potion of mutation]
   246 | D:1      | Gained mutation: You are dopey. (Int -2) [potion of
                  | mutation]
   246 | D:1      | Gained mutation: You occasionally shout uncontrollably at
                  | your foes. [potion of mutation]
   246 | D:1      | Gained mutation: Your muscles are strong. (Str +4, Int/Dex
                  | -1) [potion of mutation]
   263 | D:1      | Gained mutation: A meltable shield of frost defends you.
                  | (SH +0) [demonic ancestry]
   263 | D:1      | Reached XP level 2. HP: 20/20 MP: 1/5
   470 | D:1      | Reached skill level 1 in Fighting
   621 | D:1      | Reached XP level 3. HP: 26/26 MP: 6/6
   763 | D:1      | Found The Oracle's Delphic Readings.
   790 | D:1      | Learned a level 2 spell: Scorch
   794 | D:1      | Learned a level 3 spell: Inner Flame
  1505 | D:2      | Gained mutation: A meltable icy envelope protects you from
                  | harm. (AC +0) [demonic ancestry]
  1505 | D:2      | Reached XP level 4. HP: 32/32 MP: 0/7
  2621 | D:3      | Gained mutation: You are partially covered in sharp spines.
                  | [demonic ancestry]
  2621 | D:3      | Reached XP level 5. HP: 36/38 MP: 5/9
  2690 | D:3      | Reached skill level 2 in Fighting
  2691 | D:3      | Found a glowing drain.
  2713 | Sewer    | Entered a sewer
  2871 | Sewer    | Noticed Pargi
  2877 | Sewer    | Killed Pargi
  2878 | Sewer    | Reached XP level 6. HP: 41/45 MP: 0/10
  3178 | D:3      | Found Xuph's Jewellery Boutique.
  3587 | D:3      | Noticed Jessica
  3589 | D:3      | Killed Jessica
  3649 | D:3      | Lost mutation: You are dopey. (Int -2) [potion of mutation]
  3649 | D:3      | Lost mutation: Your muscles are strong. (Str +4, Int/Dex
                  | -1) [potion of mutation]
  3649 | D:3      | Lost mutation: Your spells are a little easier to cast, but
                  | a little less powerful. [potion of mutation]
  3649 | D:3      | Gained mutation: You are agile. (Dex +4, Str/Int -1)
                  | [potion of mutation]
  3649 | D:3      | Gained mutation: Your mind is acute. (Int +4, Str/Dex -1)
                  | [potion of mutation]
  3649 | D:3      | Lost mutation: You are agile. (Dex +4, Str/Int -1) [potion
                  | of mutation]
  3923 | D:4      | Found a shadowy altar of Dithmenos.
  3957 | D:4      | Noticed Robin
  3982 | D:4      | Killed Robin
  4049 | D:4      | Found a staircase to the Ecumenical Temple.
  4079 | Temple   | Entered the Ecumenical Temple
  4197 | Temple   | Became a worshipper of Vehumet
  4245 | D:4      | Gained mutation: You are partially covered in rugged brown
                  | scales. (AC +1, +3% HP) [demonic ancestry]
  4245 | D:4      | Reached XP level 7. HP: 45/52 MP: 1/11
  4437 | D:4      | Reached skill level 3 in Fighting
  5134 | D:4      | Lost mutation: You occasionally shout uncontrollably at
                  | your foes. [potion of mutation]
  5134 | D:4      | Lost mutation: Your mind is acute. (Int +4, Str/Dex -1)
                  | [potion of mutation]
  5134 | D:4      | Gained mutation: You sometimes lose your temper in combat.
                  | [potion of mutation]
  5134 | D:4      | Lost mutation: You sometimes lose your temper in combat.
                  | [potion of mutation]
  5154 | D:5      | Entered Level 5 of the Dungeon
  5237 | D:5      | Noticed Ijyb
  5239 | D:5      | Paralysed by Ijyb for 3 turns
  5244 | D:5      | Killed Ijyb
  5245 | D:5      | Gained mutation: You are mostly covered in rugged brown
                  | scales. (AC +2, +5% HP) [demonic ancestry]
  5245 | D:5      | Reached XP level 8. HP: 53/60 MP: 3/13
  5652 | D:5      | Reached * piety under Vehumet
  5652 | D:5      | Offered knowledge of Sandblast by Vehumet.
  5998 | D:5      | Noticed Edmund
  6005 | D:5      | Killed Edmund
  6006 | D:5      | Reached skill level 4 in Fighting
  6408 | D:6      | Noticed Eustachio
  6417 | D:6      | Killed Eustachio
  6586 | D:6      | Reached skill level 5 in Fire Magic
  6871 | D:6      | Offered knowledge of Static Discharge by Vehumet.
  6919 | D:6      | Noticed Sigmund
  6927 | D:6      | Killed Sigmund
  6928 | D:6      | Reached skill level 5 in Stealth
  6928 | D:6      | Reached XP level 9. HP: 69/69 MP: 6/16
  7186 | D:6      | Reached ** piety under Vehumet
  7325 | D:6      | Noticed Pikel
  7357 | D:6      | Killed Pikel
  7358 | D:6      | Reached skill level 5 in Fighting
  7358 | D:6      | Reached skill level 5 in Dodging
  7358 | D:6      | Reached skill level 5 in Spellcasting
  7358 | D:6      | Reached skill level 5 in Conjurations
  7470 | D:6      | Found an ancient bone altar of Kikubaaqudgha.
  7772 | D:7      | Found a sand-covered staircase.
  7786 | Ossuary  | Entered an ossuary
  8086 | Ossuary  | Offered knowledge of Stone Arrow by Vehumet.
  8100 | Ossuary  | Learned a level 3 spell: Stone Arrow
  8103 | Ossuary  | Learned a level 2 spell: Blink
  8403 | D:7      | Reached *** piety under Vehumet
  8674 | D:7      | Found a runed translucent door.
  8675 | D:7      | Noticed Crazy Yiuf
  8835 | D:7      | Reached XP level 10. HP: 79/79 MP: 3/18
  9829 | D:7      | Killed Crazy Yiuf
  9948 | D:8      | Offered knowledge of Ignite Poison by Vehumet.
 10054 | D:8      | Reached skill level 6 in Fighting
 10587 | D:8      | Reached **** piety under Vehumet
 11280 | D:8      | Noticed a three-headed hydra
 11323 | D:8      | Killed a three-headed hydra
 11501 | D:9      | Gained mutation: You are mostly covered in sharp spines.
                  | [demonic ancestry]
 11501 | D:9      | Reached XP level 11. HP: 87/87 MP: 9/21
 11726 | D:9      | Offered knowledge of Mephitic Cloud by Vehumet.
 11727 | D:9      | Reached skill level 7 in Fighting
 11767 | D:9      | Found a staircase to the Lair.
 11933 | D:9      | Noticed a lindwurm
 11933 | D:9      | Noticed a lindwurm
 11966 | D:9      | Noticed a lindwurm
 11972 | D:9      | Killed a lindwurm
 12042 | D:9      | Noticed a soul eater
 12151 | D:9      | Noticed a soul eater
 12200 | D:9      | Found Geocicaj's General Store.
 12221 | D:9      | Noticed a soul eater
 12240 | D:9      | Killed a soul eater
 12315 | D:9      | Noticed a lindwurm
 12335 | D:9      | Killed a soul eater
 12464 | D:9      | Noticed a sun demon
 12605 | Lair:1   | Entered Level 1 of the Lair of Beasts
 13260 | D:9      | Killed a lindwurm
 13260 | D:9      | Killed a lindwurm
 13262 | D:9      | Killed a lindwurm
 13410 | D:9      | Killed a soul eater
 13470 | D:9      | Identified the ring "Wuvevuso" {rElec rN+ Str-5 Int+4}
 13472 | D:10     | Entered Level 10 of the Dungeon
 13476 | D:10     | Found a broken altar of Ashenzari.
 13476 | D:10     | Found a hide-covered altar of Uskayaw.
 13476 | D:10     | Found an ornate altar of the Wu Jian Council.
 13504 | D:11     | Noticed Lodul
 13806 | D:11     | Noticed Erolcha
 13808 | D:11     | Reached skill level 8 in Fighting
 13819 | D:11     | Reached XP level 12. HP: 87/96 MP: 2/23
 13819 | D:11     | Killed Erolcha
 13865 | D:11     | Killed Lodul
 13947 | D:11     | Noticed a two-headed ogre
 13951 | D:11     | Killed a two-headed ogre
 13992 | D:11     | Noticed Psyche
 14002 | D:11     | Killed Psyche
 14103 | D:11     | Reached ***** piety under Vehumet
 14107 | D:11     | Offered knowledge of Eringya's Noxious Bog by Vehumet.
 14693 | D:9      | Identified the +5 rapier of Foul Odours {pain, rCorr}
 14789 | D:10     | Identified the +8 scale mail of the Solemn Jabberwock
                  | {Will+}
 14815 | D:10     | Found a shimmering blue altar of Sif Muna.
 14822 | D:10     | Found an opulent altar of Gozag.
 14822 | D:10     | Found an iron altar of Okawaru.
 14894 | D:10     | Noticed a boulder beetle
 14906 | D:10     | Killed a boulder beetle
 14976 | D:10     | Noticed an ettin
 15053 | D:10     | Killed an ettin
 15054 | D:10     | Reached skill level 9 in Fighting
 15177 | D:10     | Got the Dissertation on Breezy Sculpting
 15189 | D:10     | Noticed a yaktaur captain
 15832 | Lair:1   | Reached XP level 13. HP: 106/106 MP: 15/25
 16614 | Lair:1   | Offered knowledge of Iskenderun's Battlesphere by Vehumet.
 16778 | Lair:1   | Learned a level 5 spell: Iskenderun's Battlesphere
 16780 | Lair:1   | Learned a level 1 spell: Magic Dart
 17445 | Lair:2   | Learned a level 2 spell: Searing Ray
 17450 | Lair:2   | Learned a level 4 spell: Fulminant Prism
 17591 | Lair:3   | Found a hole to the Spider Nest.
 17664 | Lair:3   | Reached skill level 10 in Stealth
 17683 | Lair:3   | Found a transporter.
 17700 | Lair:3   | Found a one-way gate to the infinite horrors of the Abyss.
 17700 | Lair:3   | Noticed yumyumyeen's ghost (journeyman GnWn)
 18012 | Lair:3   | Found a staircase to the Swamp.
 18120 | Lair:3   | Reached skill level 10 in Conjurations
 18126 | Lair:3   | Reached skill level 10 in Fighting
 18292 | Lair:3   | Found a transporter.
 18650 | Lair:4   | Gained mutation: You are completely covered in sharp
                  | spines. [demonic ancestry]
 18650 | Lair:4   | Reached XP level 14. HP: 115/115 MP: 20/27
 19024 | Lair:4   | Found a dark tunnel.
 19209 | Lair:4   | Reached skill level 10 in Fire Magic
 19493 | Lair:4   | Learned a level 5 spell: Fireball
 19501 | Lair:5   | Entered Level 5 of the Lair of Beasts
 19520 | Lair:5   | Offered knowledge of Irradiate by Vehumet.
 19588 | Lair:5   | Learned a level 5 spell: Irradiate
 20255 | Lair:5   | Found a viscous altar of Jiyva.
 20256 | Lair:5   | Found a staircase to the Slime Pits.
 20339 | Lair:5   | Reached skill level 10 in Dodging
 20458 | Lair:5   | Reached skill level 10 in Spellcasting
 20720 | Lair:5   | Reached skill level 11 in Fighting
 21156 | Lair:5   | Identified a scroll of acquirement
 21160 | Lair:5   | Acquired 801 gold pieces
 21948 | D:12     | Noticed Maurice
 21953 | D:12     | Killed Maurice
 21954 | D:12     | Noticed Nergalle
 21958 | D:12     | Killed Nergalle
 22013 | D:12     | Found a staircase to the Orcish Mines.
 22449 | D:12     | You fall into a shaft and drop 1 floor!
 22461 | D:13     | Noticed Frances
 22550 | D:12     | Noticed Rupert
 22562 | D:12     | Killed Rupert
 22711 | D:12     | Offered knowledge of Yara's Violent Unravelling by Vehumet.
 22785 | D:13     | Killed Frances
 23215 | D:13     | Gained mutation: You have a pair of small horns on your
                  | head. [demonic ancestry]
 23215 | D:13     | Reached XP level 15. HP: 101/124 MP: 9/29
 24415 | D:14     | Found a gate leading to a gauntlet.
 24431 | Gauntlet | Entered a Gauntlet
 24431 | Gauntlet | Found a transporter.
 24431 | Gauntlet | Found a transporter.
 24463 | Gauntlet | Found a transporter.
 24467 | Gauntlet | Found a transporter.
 24475 | Gauntlet | Found a transporter.
 24479 | Gauntlet | Found a transporter.
 24483 | Gauntlet | Found a runed translucent door.
 24483 | Gauntlet | Found a runed translucent door.
 24487 | Gauntlet | Found a transporter.
 24504 | Gauntlet | Found a transporter.
 24521 | Gauntlet | Found a transporter.
 24522 | Gauntlet | Found a transporter.
 24530 | Gauntlet | Found a transporter.
 24534 | Gauntlet | Found a transporter.
 24567 | Gauntlet | Identified the amulet of Jacej {Faith Fly Dex+2}
 24695 | Gauntlet | Reached skill level 12 in Fighting
 24737 | Gauntlet | Identified the ring of Defesino {rC- Will+++ rCorr EV+5
                  | SInv}
 24752 | Gauntlet | Identified the +8 great sword of the Tired Wonders {freeze,
                  | rElec Will+ rCorr Int+2}
 24780 | Gauntlet | Got Guni Obott's Handbook of Orientation and Energy
 25263 | D:14     | Reached skill level 13 in Fighting
 25380 | D:14     | Found an ornate altar of the Wu Jian Council.
 25408 | D:14     | Found a gate to the Vaults.
 25564 | Orc:1    | Entered Level 1 of the Orcish Mines
 25566 | Orc:1    | Noticed Harold
 25666 | Orc:1    | Killed Harold
 25842 | Orc:1    | Found a radiant altar of Vehumet.
 25997 | Orc:1    | Offered knowledge of Conjure Ball Lightning by Vehumet.
 26357 | Orc:2    | Entered Level 2 of the Orcish Mines
 26578 | Orc:2    | Reached skill level 14 in Fighting
 26637 | Orc:2    | Found a staircase to the Elven Halls.
 26872 | Orc:2    | Reached skill level 1 in Air Magic
 26965 | Orc:2    | HP: 3/132 [deep troll (18)]
 26965 | Orc:2    | Mangled by a deep troll

Illustrated notes

Levels and vault maps discovered:
D:1:      psy_arrival_terrarium, layout_rooms, kennysheep_small_spiral,
          minmay_misc_feat_nine_boxes, chequers_hall_statues_y,
          nicolae_nh_oracle_at_delphi
D:2:      layout_basic
D:3:      layout_basic, serial_shops, nicolae_shop_stone, portal_sewer_entry_b,
          kennysheep_jessica_study
D:4:      layout_loops_ring, nicolae_dithmenos_through_a_glass_darkly,
          minmay_temple_entry_gardened_gates, chequers_serial_rivers_large_b,
          kennysheep_donut, uniq_robin
D:5:      layout_basic, chequers_serial_rivers_micro_e, uniq_ijyb, uniq_edmund
D:6:      layout_loops_ring, kennysheep_vampire_church, uniq_sigmund,
          uniq_eustachio, uniq_pikel
D:7:      layout_rooms, enter_ossuary_1, st_stairs_10, hangedman_misty_isle,
          uniq_crazy_yiuf_cottage
D:8:      layout_gridville, hangedman_ranch
D:9:      layout_irregular_city, erik_lair_dragon, serial_demonic,
          serial_demonic_f, serial_demonic_a, serial_demonic_g,
          serial_demonic_b, serial_shops, shop, minmay_lindwurm_lava
D:10:     layout_roguey, nicolae_overflow_hidden_temple,
          gammafunk_temple_overflow_forgotten, minmay_the_grid_2x2
          [minmay_the_grid_eight, minmay_the_grid_box_x,
          minmay_the_grid_aliased_spiral, minmay_the_grid_prize_diamond_cup]
D:11:     layout_small_grid, roderic_serpentine_path, uniq_psyche, uniq_erolcha,
          uniq_lodul
D:12:     layout_loops_corners, orc_0_dummy, uniq_maurice, uniq_rupert,
          uniq_nergalle
D:13:     layout_layer_cave, fungi_pond_lemuel, nicolae_figureground_pulse,
          uniq_frances
D:14:     layout_gridville, ximxim_vaults_locker_room,
          pdpol_wu_jian_five_deadly_venoms, gauntlet_entry_generic
Temple:   dpeg_chambers_temple
Lair:1:   layout_cave_pods, lemuel_fruit_fields
Lair:2:   layout_cave_shapes, grunt_forest_large_clearings
Lair:3:   layout_gridlike, nicolae_swamp_entry_splash_gauntlet,
          dummy_spider_entry, gammafunk_ghost_abyssal_escape,
          lemuel_fruit_fields
Lair:4:   layout_cave_pods, nicolae_volcano_entry_batcave, grunt_megastairs_3,
          infiniplex_staircase_pool_2, lemuel_fruit_tree
Lair:5:   hangedman_lair_tendril_chambers, layout_big_grid,
          guppyfry_lair_end_dragon, dpeg_slime_entry_enclosed, serial_forest,
          infiniplex_forest_lined_4_way, infiniplex_forest_straight_2,
          infiniplex_forest_lined_room_, infiniplex_forest_end_3,
          infiniplex_forest_pool, infiniplex_forest_clump_cross,
          infiniplex_forest_lined_3, infiniplex_forest_clump_diagonal,
          worms_lemuel
Orc:1:    layout_caves, basic_altar, guppyfry_orc_lava_fort, uniq_jorgrun,
          uniq_harold
Orc:2:    st_orc_open, layout_diamond_mine, basic_altar

Skill      XL: |  1  2  3  4  5  6  7  8  9 10 11 12 13 14 15 |
---------------+----------------------------------------------+-----
Dodging        | 2 3 4 5 6 7 8 9 10 11 | 11.1
Stealth        | 2 3 4 5 6 7 8 9 10 11 | 11.1
Fighting       | 1 2 3 4 5 6 8 9 10 11 14 | 14.0
Fire Magic     | 3 4 5 6 7 8 9 10 11 | 11.1
Conjurations   | 2 3 4 5 6 8 9 10 11 | 11.3
Spellcasting   | 3 4 5 6 7 8 9 10 11 | 11.1
Air Magic      | 1 |  1.4

Action                     |  1- 3 |  4- 6 |  7- 9 | 10-12 | 13-15 || total
---------------------------+-------+-------+-------+-------+-------++-------
  Melee: Dagger            |    56 |    68 |    74 |    46 |    27 ||   271
         Punch             |     2 |       |       |       |       ||     2
         Headbutt          |       |       |       |       |     4 ||     4
  Throw: Dart              |       |       |       |    10 |       ||    10
         Throwing net      |       |       |       |     1 |       ||     1
   Cast: Foxfire           |    15 |    13 |    16 |   127 |     2 ||   173
         Scorch            |    18 |    62 |   162 |   236 |    22 ||   500
         Inner Flame       |       |       |    12 |   136 |    12 ||   160
         Magic Dart        |       |       |       |       |    86 ||    86
         Searing Ray       |       |       |       |       |   123 ||   123
         Iskenderun's Batt |       |       |       |       |   109 ||   109
         Fulminant Prism   |       |       |       |       |     7 ||     7
         Fireball          |       |       |       |       |   248 ||   248
         Irradiate         |       |       |       |       |     3 ||     3
  Evoke: Wand              |       |       |       |     6 |       ||     6
    Use: Potion            |     2 |     1 |     1 |     5 |     6 ||    15
         Scroll            |       |     9 |     8 |     9 |    13 ||    39
   Stab: Sleeping          |     1 |     1 |       |       |       ||     2
 Armour: Robe              |    21 |     3 |       |    17 |    11 ||    52
         Leather armour    |       |     8 |       |       |       ||     8
         Troll leather arm |       |    14 |    42 |    53 |   120 ||   229
  Dodge: Dodged            |    81 |    43 |    73 |   127 |   295 ||   619
  Block: Other             |    14 |    17 |    15 |    33 |    70 ||   149

Table legend: (Time is in decaauts)
 A = Elapsed time spent in this place.
 B = Non-inter-level travel time spent in this place.
 C = Inter-level travel time spent in this place.
 D = Time resting spent in this place.
 E = Time spent auto-exploring this place.
 F = Levels seen in this place.
 G = Mean time per level.
                   A        B        C        D        E       F      G
               +--------+--------+--------+--------+--------+-----+--------+
         Total |  27058 |  25906 |   1152 |    411 |  20588 |  25 | 1082.3 |
       Dungeon |  18844 |  17959 |    885 |    411 |  14407 |  14 | 1346.0 |
        Temple |    145 |     96 |     49 |      0 |     87 |   1 |  145.0 |
          Lair |   5740 |   5543 |    197 |      0 |   4435 |   5 | 1148.0 |
  Orcish Mines |   1195 |   1176 |     19 |      0 |    827 |   2 |  597.5 |
         Sewer |    308 |    308 |      0 |      0 |    240 |   1 |  308.0 |
       Ossuary |    427 |    427 |      0 |      0 |    365 |   1 |  427.0 |
      Gauntlet |    396 |    396 |      0 |      0 |    226 |   1 |  396.0 |
               +--------+--------+--------+--------+--------+-----+--------+

Top non-repeatable levels by time:
     D:9: 2166 daAuts
  Lair:5: 1721 daAuts
     D:7: 1701 daAuts
     D:8: 1697 daAuts
     D:2: 1624 daAuts
     D:4: 1408 daAuts
    D:13: 1367 daAuts
     D:5: 1292 daAuts
    D:12: 1289 daAuts
     D:6: 1253 daAuts
  Lair:1: 1234 daAuts
    D:10: 1157 daAuts
    D:11: 1097 daAuts
  Lair:4: 1081 daAuts
  Lair:3: 1041 daAuts
